 Dungeon Crawl Stone Soup version 0.29.0-4-gdea44cf6ec (webtiles) character file.

Game seed: 15497113294881306124

2934 qw the Cleaver (level 9, -1/54 HPs)
             Began as a Tengu Warper on Aug 28, 2022.
             Slain by a centaur (3 damage)
             ... on level 8 of the Dungeon.
             The game lasted 00:01:00 (9285 turns).

qw the Cleaver (Tengu Warper)                       Turns: 9285, Time: 00:01:00

Health: -1/54      AC:  7    Str: 20    XL:     9   Next: 80%
Magic:  0/13       EV:  7    Int: 12    God:
Gold:   347        SH: 11    Dex: 19    Spells: 12/12 levels left

rFire   + . .      SeeInvis .   Y - +0 war axe
rCold   . . .      Faith    .   a - +0 kite shield
rNeg    . . .      Spirit   +   j - +0 plate armour
rPois   .          Reflect  .   (helmet restricted)
rElec   .          Harm     .   (no cloak)
rCorr   .          Rampage  .   (no gloves)
Will    .....                   (boots unavailable)
Stlth   ..........              g - amulet of guardian spirit
HPRegen 0.18/turn               m - ring of protection from fire
MPRegen 0.13/turn               k - +6 ring of dexterity

@: corroded, flying quickly and evasively, quick
A: beak, talons 3, nimble flight, strong 1
a: no special abilities


You were on level 8 of the Dungeon.
You visited 2 branches of the dungeon, and saw 9 of its levels.

You collected 397 gold pieces.
You spent 50 gold pieces at shops.


Innate Abilities, Weirdness & Mutations

You have a beak for a mouth.
You have claws for feet.
Your magical nature lets you fly swiftly and evasively.
Your muscles are strong. (Str +4, Int/Dex -1)


   Skills:
 - Level 5.0 Fighting
 + Level 10.8 Axes
 - Level 1.0 Throwing
 - Level 4.2 Armour
 - Level 3.3 Dodging
 - Level 6.1 Shields
 - Level 2.0 Spellcasting
 - Level 2.4 Translocations


You had 12 spell levels left.
You didn't know any spells.
Your spell library contained the following spells:

 Spells                   Type           Power      Damage    Failure   Level
 Blink                    Tloc           12%        N/A       100%        2
 Gell's Gravitas          Tloc           6%         N/A       100%        3
 Lesser Beckoning         Tloc           6%         N/A       100%        3
 Teleport Other           Tloc           6%         N/A       100%        3
 Manifold Assault         Tloc           6%         N/A       100%        5

Inventory:

Hand Weapons
 b - a +5 morningstar
 Y - a +0 war axe (weapon)
Missiles
 i - 4 boomerangs (quivered)
Armour
 a - a +0 kite shield (worn)
 j - a +0 plate armour (worn)
Jewellery
 g - an amulet of guardian spirit (around neck)
 k - a +6 ring of dexterity (right hand)
 m - a ring of protection from fire (left hand)
Scrolls
 h - 2 scrolls of identify
Potions
 c - 2 potions of curing
 d - a potion of might
 f - 2 potions of haste
 l - a potion of resistance
 p - a potion of ambrosia {unknown}
 q - a potion of invisibility {unknown}
 r - a potion of mutation

Dungeon Overview and Level Annotations

Branches:
Dungeon (8/15)             Temple (1/1) D:5
   Lair: D:8-11

Altars:
Ashenzari
Cheibriados
Elyvilon
Fedhas
Gozag
Hepliaklqana
Kikubaaqudgha
Makhleb
Nemelex Xobeh
Qazlal
Sif Muna
Trog
Uskayaw
Vehumet
Wu Jian
Xom
Yredelemnul
Zin
The Shining One

Shops:
D:3 (   D:5 [(*


Message History

You block the arrow.
An acid dragon comes into view.
The centaur shoots an arrow.
The arrow hits you. The acid dragon spits acid at you.
The splash of acid hits you!! The acid corrodes you!
The centaur shoots an arrow.
The arrow hits you!
You hear an angry buzzing noise.
The centaur shoots an arrow.
The arrow barely misses you.
The centaur shoots an arrow.
You block the arrow.
The centaur shoots an arrow.
The arrow hits you. The acid dragon bites you. The acid dragon claws you.
You slash the acid dragon! Your kick misses the acid dragon.
The acid dragon is heavily wounded.
The centaur shoots an arrow.
You block the arrow. The acid dragon spits acid at you.
You block the splash of acid.
You closely miss the acid dragon. You claw the acid dragon.
Your peck misses the acid dragon.
The acid dragon is heavily wounded.
You block the acid dragon's attack. x2
You hit the acid dragon. You claw the acid dragon.
The acid dragon is severely wounded.
The centaur shoots an arrow.
The arrow hits you!
You block the acid dragon's attack. x2; The centaur shoots an arrow.
The arrow hits you but does no damage.
You hit the acid dragon.
You claw the acid dragon, but do no damage.
The acid dragon is almost dead.
The acid dragon bites you. You block the acid dragon's attack.
The killer bee stings you.
The centaur unwields a +0 shortbow.
The centaur closely misses you. You block the centaur's attack.
You closely miss the acid dragon.
You peck the acid dragon, but do no damage.
The acid dragon is almost dead.
You hit the centaur.
You hit the killer bee but do no damage.
The killer bee stings you. You block the killer bee's attack.
The acid dragon bites you. The acid dragon barely misses you.
The centaur hits you.
You die...

#...# ....# ..... ....
#.# ...# .... ...##
..... ....# ##### ....#
##D...### #####
###@y......
....##########...c....##
........../..>........#
.....................##
........###.........##
##.###### ####.....##
### ##...## ##..# #..#


You could see an acid dragon, a centaur and a killer bee.

Vanquished Creatures
  3 yaks (D:8)
  A water moccasin (D:5)
  4 ice beasts
  An orc warrior (D:8)
  An ogre (D:6)
  2 centaurs
  A phantom (D:4)
  4 bullfrogs
  A scorpion (D:6)
  3 wights (D:8)
  4 killer bees (D:8)
  4 howler monkeys
  2 hounds (D:6)
  4 orc priests
  A gnoll bouda (D:5)
  3 iguanas
  12 orc wizards
  3 gnolls (D:5)
  7 adders
  2 shadow imps
  A white imp (D:7)
  A worm (D:2)
  2 dart slugs (D:3)
  32 orcs
  13 ball pythons
  7 endoplasms
  10 giant cockroaches
  10 goblins
  11 hobgoblins
  6 kobolds
  2 quokkas (D:1)
  4 bats
  2 frilled lizards (D:2)
  4 rats
168 creatures vanquished.

Notes
Turn   | Place    | Note
-------+----------+-------------------------------------------
     0 | D:1      | qw the Tengu Warper began the quest for the Orb.
     0 | D:1      | Reached XP level 1. HP: 12/12 MP: 4/4
     0 | D:1      | 0 ||| qw: Version: 0.1-a-89-g26bdef1
     0 | D:1      | 0 ||| qw: Game counter: 309
     0 | D:1      | 0 ||| qw: Always use a shield: true
     0 | D:1      | 0 ||| qw: God list: Okawaru
     0 | D:1      | 0 ||| qw: Allow faded altars: false
     0 | D:1      | 0 ||| qw: Do Orc after D:15 true
     0 | D:1      | 0 ||| qw: Do second Lair branch before Depths: true
     0 | D:1      | 0 ||| qw: Lair rune preference: random
     0 | D:1      | 0 ||| qw: Plans: Normal
     0 | D:1      | 0 ||| PLANNING D:1-11
    58 | D:1      | 58 ||| READING scroll labelled NISTOE ZABB.
    59 | D:1      | 59 ||| DROPPING scroll of blinking.
    60 | D:1      | 60 ||| Stepping randomly (stuck).
    61 | D:1      | 61 ||| Stepping randomly (stuck).
    76 | D:1      | 76 ||| Stepping randomly (stuck).
    78 | D:1      | 78 ||| Stepping randomly (stuck).
    85 | D:1      | HP: 3/12 [ball python (1)]
   333 | D:1      | Reached skill level 3 in Axes
   333 | D:1      | Reached XP level 2. HP: 17/17 MP: 6/6
   909 | D:1      | Reached XP level 3. HP: 18/21 MP: 7/7
  1071 | D:1      | 1071 ||| UPGRADING to +0 ring mail.
  1081 | D:1      | 1081 ||| DROPPING +0 leather armour.
  1082 | D:1      | 1082 ||| UPGRADING to amulet of guardian spirit.
  1087 | D:1      | 1087 ||| READING scroll labelled REODOR MIF LUFEA.
  1088 | D:1      | 1088 ||| DRINKING 2 sapphire potions.
  1089 | D:1      | 1089 ||| DROPPING potion of attraction.
  1111 | D:2      | 1111 ||| STAIRDANCE
  1165 | D:2      | Reached skill level 4 in Axes
  1275 | D:2      | 1275 ||| Stepping ~*~*~tactically~*~*~ (stealth).
  1322 | D:2      | Found a stormy altar of Qazlal.
  1529 | D:2      | Reached XP level 4. HP: 23/26 MP: 8/8
  1718 | D:2      | 1718 ||| UPGRADING to +1 ring mail of cold resistance.
  1728 | D:2      | 1728 ||| DROPPING +0 ring mail.
  1729 | D:2      | 1729 ||| READING scroll labelled HERYX GOREGUDAMAI.
  1730 | D:2      | 1730 ||| READING 3 scrolls labelled OTSOPAT OBUE.
  1735 | D:2      | 1735 ||| READING scroll labelled MIJAILIUWI.
  1837 | D:2      | 1837 ||| DRINKING 2 smoky pink potions.
  1925 | D:3      | 1925 ||| SWAPPING to +0 war axe.
  1926 | D:3      | 1926 ||| DROPPING +0 vorpal hand axe.
  2081 | D:3      | Reached skill level 5 in Axes
  2366 | D:3      | Found a faded altar of an unknown god.
  2380 | D:3      | 2380 ||| DROPPING +0 whip.
  2736 | D:3      | Found Riwoptaz's Weapon Emporium.
  2889 | D:3      | 2889 ||| UPGRADING to ring of protection from fire.
  2890 | D:3      | 2890 ||| READING scroll labelled ICWAPA SURIE.
  2891 | D:3      | 2891 ||| READING 4 scrolls of identify.
  2891 | D:3      | 2891 ||| IDENTIFYING sedimented inky potion
  2892 | D:3      | 2892 ||| READING 3 scrolls of identify.
  2892 | D:3      | 2892 ||| IDENTIFYING purple potion
  2893 | D:3      | 2893 ||| READING 2 scrolls of identify.
  2893 | D:3      | 2893 ||| IDENTIFYING viscous puce potion
  2894 | D:3      | 2894 ||| DROPPING potion of lignification.
  2957 | D:4      | Gained mutation: Your magical nature lets you fly swiftly
                  | and evasively. [Tengu growth]
  2957 | D:4      | Reached XP level 5. HP: 15/30 MP: 3/9
  3179 | D:4      | 3179 ||| Stepping ~*~*~tactically~*~*~ (stealth).
  3247 | D:4      | Noticed a phantom
  3256 | D:4      | Killed a phantom
  3257 | D:4      | Reached skill level 6 in Axes
  3904 | D:4      | 3904 ||| UPGRADING to +0 kite shield.
  3909 | D:4      | 3909 ||| UPGRADING to +0 plate armour.
  3919 | D:4      | 3919 ||| DROPPING +1 ring mail of cold resistance.
  3920 | D:4      | 3920 ||| DRINKING 2 lumpy golden potions.
  3921 | D:4      | 3921 ||| DRINKING 2 coppery potions.
  3921 | D:4      | Gained mutation: You have hidden genetic defects. [potion
                  | of mutation]
  3921 | D:4      | Gained mutation: Your muscles are strong. (Str +4, Int/Dex
                  | -1) [potion of mutation]
  3921 | D:4      | Lost mutation: You have hidden genetic defects. [potion of
                  | mutation]
  3922 | D:4      | 3922 ||| READING 2 scrolls of identify.
  3922 | D:4      | 3922 ||| IDENTIFYING ruby potion
  3923 | D:4      | 3923 ||| DROPPING potion of magic.
  3924 | D:4      | 3924 ||| DROPPING potion of degeneration.
  3944 | D:5      | Entered Level 5 of the Dungeon
  3980 | D:5      | Found a staircase to the Ecumenical Temple.
  3981 | D:5      | 3981 ||| PLANNING TEMPLE
  3987 | Temple   | Entered the Ecumenical Temple
  3987 | Temple   | Found a transporter.
  3987 | Temple   | Found a transporter.
  3989 | Temple   | Found a transporter.
  3989 | Temple   | Found a transporter.
  3999 | Temple   | 3999 ||| PLANNING D:1-11
  4096 | D:5      | Reached XP level 6. HP: 35/35 MP: 10/10
  4139 | D:5      | 4139 ||| DRINKING 3 potions of curing.
  4139 | D:5      | 4139 ||| (to cure confusion)
  4141 | D:5      | 4141 ||| DRINKING 2 potions of curing.
  4141 | D:5      | 4141 ||| (to cure confusion)
  4145 | D:5      | Reached skill level 1 in Shields
  4145 | D:5      | 4145 ||| DRINKING potion of curing.
  4145 | D:5      | 4145 ||| (to cure confusion)
  4566 | D:5      | Noticed a water moccasin
  4573 | D:5      | Killed a water moccasin
  4574 | D:5      | Reached skill level 3 in Shields
  4603 | D:5      | 4603 ||| Stepping ~*~*~tactically~*~*~ (stealth).
  4605 | D:5      | 4605 ||| Stepping ~*~*~tactically~*~*~ (stealth).
  4614 | D:5      | HP: 8/35 [orc priest/nerve-wracking pain (5)]
  4615 | D:5      | 4615 ||| READING 2 scrolls of teleportation.
  4908 | D:5      | HP: 8/35 [gnoll/+0 halberd[a gnoll bouda] (6)]
  4909 | D:5      | Reached XP level 7. HP: 9/40 MP: 3/11
  4909 | D:5      | 4909 ||| READING scroll of teleportation.
  5321 | D:5      | 5321 ||| Stepping ~*~*~tactically~*~*~ (stealth).
  5329 | D:5      | Reached skill level 7 in Axes
  5347 | D:5      | Reached skill level 3 in Fighting
  5605 | D:5      | Reached skill level 3 in Armour
  5732 | D:5      | 5732 ||| Stepping ~*~*~tactically~*~*~ (hiding).
  5788 | D:5      | Found Vahagn's Dragon-Slaying Spoils.
  5795 | D:5      | 5795 ||| SHOPLISTING +0 fire dragon scales (900 gold, have
                  | 225).
  5795 | D:5      | 5795 ||| SHOPLISTING +1 ice dragon scales of the Serpent
                  | {Contam +Blink +Inv Fly rF- rC++} (1237 gold, have 225).
  5795 | D:5      | 5795 ||| SHOPLISTING +1 storm dragon scales (1305 gold,
                  | have 225).
  5795 | D:5      | 5795 ||| SHOPLISTING +2 gold dragon scales (1380 gold, have
                  | 225).
  5795 | D:5      | 5795 ||| SHOPLISTING +2 pearl dragon scales "Dosa" {Drain
                  | rN+ Int+2 Stlth+} (1689 gold, have 225).
  5795 | D:5      | 5795 ||| SHOPLISTING +3 shadow dragon scales "Opnukufu"
                  | {Fly rC- Regen+ Str-3 Stlth++++} (1425 gold, have 225).
  5838 | D:5      | Found Lixec's General Store.
  5842 | D:5      | Found Voatuwn's Weapon Boutique.
  5848 | D:5      | 5848 ||| BUYING potion of curing (30 gold).
  5848 | D:5      | Bought a potion of curing for 30 gold pieces
  5848 | D:5      | 5848 ||| BUYING scroll of identify (20 gold).
  5848 | D:5      | Bought a scroll of identify for 20 gold pieces
  5852 | D:5      | 5852 ||| SHOPLISTING +2 morningstar of draining (230 gold,
                  | have 185).
  6120 | D:5      | 6120 ||| READING 2 scrolls of identify.
  6120 | D:5      | 6120 ||| IDENTIFYING puce potion
  6364 | D:6      | Identified the +12 mace of Laal {vorpal, rF+ Str+4}
  6366 | D:6      | 6366 ||| DROPPING +0 flail.
  6387 | D:6      | Reached XP level 8. HP: 42/46 MP: 10/12
  6432 | D:6      | 6432 ||| Stepping ~*~*~tactically~*~*~ (stealth).
  6438 | D:6      | 6438 ||| Stepping ~*~*~tactically~*~*~ (stealth).
  6439 | D:6      | 6439 ||| Stepping ~*~*~tactically~*~*~ (stealth).
  6456 | D:6      | Reached skill level 8 in Axes
  7290 | D:6      | 7290 ||| DROPPING amulet of faith.
  7291 | D:6      | 7291 ||| READING scroll labelled SILLIXZAONU.
  7292 | D:6      | 7292 ||| READING scroll labelled LILYSORCH BEATS.
  7293 | D:6      | 7293 ||| DRINKING 2 lumpy silvery potions.
  7294 | D:6      | 7294 ||| DROPPING potion of flight.
  7355 | D:7      | 7355 ||| Stepping ~*~*~tactically~*~*~ (hiding).
  7396 | D:7      | Reached skill level 9 in Axes
  7401 | D:7      | 7401 ||| Stepping ~*~*~tactically~*~*~ (stealth).
  7402 | D:7      | 7402 ||| Stepping ~*~*~tactically~*~*~ (stealth).
  7404 | D:7      | 7404 ||| Stepping ~*~*~tactically~*~*~ (stealth).
  7406 | D:7      | 7406 ||| Stepping ~*~*~tactically~*~*~ (stealth).
  7407 | D:7      | 7407 ||| Stepping ~*~*~tactically~*~*~ (stealth).
  7492 | D:7      | 7492 ||| Stepping ~*~*~tactically~*~*~ (hiding).
  7500 | D:7      | 7500 ||| DRINKING potion of curing.
  7500 | D:7      | 7500 ||| (to cure confusion)
  7746 | D:7      | 7746 ||| Stepping ~*~*~tactically~*~*~ (hiding).
  7749 | D:7      | 7749 ||| Stepping ~*~*~tactically~*~*~ (hiding).
  7832 | D:7      | 7832 ||| Stepping ~*~*~tactically~*~*~ (hiding).
  7833 | D:7      | 7833 ||| Stepping ~*~*~tactically~*~*~ (hiding).
  7834 | D:7      | 7834 ||| Stepping ~*~*~tactically~*~*~ (hiding).
  7846 | D:7      | 7846 ||| Stepping ~*~*~tactically~*~*~ (stealth).
  7847 | D:7      | 7847 ||| Stepping ~*~*~tactically~*~*~ (stealth).
  7849 | D:7      | 7849 ||| Stepping ~*~*~tactically~*~*~ (stealth).
  7950 | D:7      | 7950 ||| Stepping ~*~*~tactically~*~*~ (hiding).
  7951 | D:7      | 7951 ||| Stepping ~*~*~tactically~*~*~ (hiding).
  7960 | D:7      | Reached XP level 9. HP: 41/52 MP: 9/13
  8206 | D:7      | Reached skill level 6 in Shields
  8410 | D:7      | 8410 ||| UPGRADING to +6 ring of dexterity.
  8411 | D:7      | 8411 ||| READING scroll labelled TUELOQ FYATT.
  8412 | D:7      | 8412 ||| READING 3 scrolls of identify.
  8412 | D:7      | 8412 ||| IDENTIFYING bubbling puce potion
  8413 | D:7      | 8413 ||| READING 2 scrolls of identify.
  8413 | D:7      | 8413 ||| IDENTIFYING grey potion
  8414 | D:7      | 8414 ||| DROPPING potion of berserk rage.
  8470 | D:8      | Reached skill level 3 in Dodging
  8651 | D:8      | Reached skill level 10 in Axes
  8692 | D:8      | HP: 13/52 [poisoned by a killer bee]
  8693 | D:8      | 8693 ||| READING scroll of teleportation.
  8694 | D:8      | 8694 ||| DRINKING 2 potions of heal wounds.
  8704 | D:8      | HP: 7/52 [orc priest/divine providence (9)]
  8705 | D:8      | 8705 ||| DRINKING potion of heal wounds.
  8764 | D:8      | 8764 ||| Stepping ~*~*~tactically~*~*~ (stealth).
  8765 | D:8      | 8765 ||| Stepping ~*~*~tactically~*~*~ (stealth).
  8772 | D:8      | 8772 ||| Stepping ~*~*~tactically~*~*~ (stealth).
  8882 | D:8      | 8882 ||| Stepping ~*~*~tactically~*~*~ (stealth).
  8885 | D:8      | 8885 ||| Stepping ~*~*~tactically~*~*~ (stealth).
  9113 | D:8      | 9113 ||| DROPPING +12 mace of Laal {vorpal, rF+ Str+4}.
  9283 | D:8      | HP: 13/54 [centaur/arrow (7)]
  9284 | D:8      | HP: 6/54 [killer bee (4)]
  9285 | D:8      | HP: 2/54 [acid dragon (4)]
  9285 | D:8      | Slain by a centaur

Levels and vault maps discovered:
D:1:      nzn_arrival_crosshair, layout_basic, minmay_strange_pillars
D:2:      layout_rooms, basic_altar
D:3:      layout_basic, serial_shops, nicolae_shop_trees,
          chequers_ecumenical_altar_twisty
D:4:      layout_cave_pods
D:5:      layout_layer_cave, minmay_temple_entry_arrows,
          nicolae_wooded_promenade, nicolae_shop_dragon_depot,
          chequers_serial_rivers_small_b, nicolae_zen_rock_garden
D:6:      layout_basic, kennysheep_flooded_box
D:7:      layout_basic
D:8:      layout_layer_cave, hangedman_decor_riveting, uniq_erica
Temple:   hellmonk_temple_divided_pantheon

Skill      XL: |  1  2  3  4  5  6  7  8  9 |
---------------+----------------------------+-----
Axes           | 3 4 5 6 7 9 10 | 10.8
Shields        | 3 4 5 6 |  6.1
Armour         | 3 4 |  4.2
Fighting       | 3 4 5 |  5.0
Dodging        | 3 |  3.3
Throwing       | |  1.0
Spellcasting   | |  2.0
Translocations | |  2.4

Action                   |  1- 3 |  4- 6 |  7- 9 || total
-------------------------+-------+-------+-------++-------
Melee: Hand axe          |    95 |     9 |       ||   104
       Peck              |    11 |    13 |    41 ||    65
       Kick              |    17 |    20 |    80 ||   117
       Punch             |     3 |       |       ||     3
       War axe           |       |   122 |   251 ||   373
       Unarmed           |       |     5 |       ||     5
Throw: Boomerang         |     7 |    64 |    38 ||   109
  Use: Scroll            |     2 |     9 |     8 ||    19
       Potion            |     1 |     6 |     4 ||    11
Armor: Leather armour    |    15 |       |       ||    15
       Ring mail         |    12 |    21 |       ||    33
       Plate armour      |       |    37 |   143 ||   180
Dodge: Dodged            |    44 |    57 |    53 ||   154
Block: Kite shield       |       |    17 |   148 ||   165

Table legend:
 A = Non-vault XP
 B = Vault XP
 C = Vault XP percentage of total XP
 D = Non-vault monster count
 E = Vault monster count
 F = Vault count percentage of total count
                 A         B        C        D         E       F
            +---------+---------+-------+---------+---------+-------
      Total |    4192 |       0 |   0.0 |     168 |       0 |   0.0
            +---------+---------+-------+---------+---------+-------
        D:1 |      42 |       0 |   0.0 |      23 |       0 |   0.0
        D:2 |      54 |       0 |   0.0 |      17 |       0 |   0.0
        D:3 |      55 |       0 |   0.0 |      22 |       0 |   0.0
        D:4 |     167 |       0 |   0.0 |      19 |       0 |   0.0
        D:5 |     797 |       0 |   0.0 |      23 |       0 |   0.0
        D:6 |     746 |       0 |   0.0 |      17 |       0 |   0.0
        D:7 |     740 |       0 |   0.0 |      18 |       0 |   0.0
        D:8 |    1591 |       0 |   0.0 |      29 |       0 |   0.0
            +---------+---------+-------+---------+---------+-------
